Thunder vs Staline (R1)

Created - 6 mai 2016 at 19:03

Goals
1 2 3 T
Thunder 2 1 0 3
Staline 2 4 0 6
Shots
1 2 3 T
Thunder 7 9 4 20
Staline 10 17 5 32

1st period

1. Thunder , Pierre-Alexandre Parenteau 1 (David Fischer, Barry Brust) at 4:22 (SH)
2. Staline , David Desharnais 1 (Philip Larsen) at 5:07
3. Staline , Brian Gionta 1 (Andrei Loktionov) at 5:13
4. Thunder , Robin Leblanc 1 (Scott Parse) at 16:46

Penalties :
Colby Cohen (TRO) for Tripping (Minor) at 3:01, Adam Hall (TRO) for Elbowing (Minor) at 5:24, Greg Pateryn (StJ) for High sticking (Minor) at 11:40, Joey Ryan (TRO) for Hooking (Minor) at 18:21

2nd period

5. Staline , James Sheppard 1 (Jiri Tlusty, Yan Stastny) at 3:37
6. Staline , David Desharnais 2 (Mark Fraser) at 4:22
7. Staline , Jiri Sekac 1 (Stu Bickel, David Desharnais) at 15:24
8. Thunder , Tom Pyatt 1 (Dany Roussin) at 16:31 (PP)
9. Staline , David Desharnais 3 (Jordan Caron) at 19:31

Penalties :
Stu Bickel (StJ) for Tripping (Minor) at 10:43, Bryan Bickell (StJ) for Hooking (Minor) at 16:23

3rd period

No Goal

Penalties :
David Desharnais (StJ) for Roughing (Minor) at 2:45, Andrei Loktionov (StJ) for Hooking (Minor) at 8:23, Scott Parse (TRO) for Holding (Minor) at 8:27, Mark Fraser (StJ) for Tripping (Minor) at 12:45, David Fischer (TRO) for Hooking (Minor) at 18:30

Goalie Stats

Barry Brust (TRO), 11 saves from 15 shots - (0,733), L, 0-1-0, 24:22 minutes
Devan Dubnyk (TRO), 15 saves from 17 shots - (0,882), 35:38 minutes
Tobias Stephan (StJ), 17 saves from 20 shots - (0,850), W, 1-0-0, 60:00 minutes

Players Stats for Thunder

Player Name              G  A  P  +/- PIM S  H  SB GA TA FO     MP     PP MP  PK MP  
------------------------------------------------------------------------------------
Adam Hall                0  0  0  -1  2   2  1  1  1  0  2/2    22:26   3:42   3:30 
Bobby Farnham            0  0  0   0  0   0  1  0  0  0  0/0     1:51   0:37   0:00 
Brandon Mashinter        0  0  0  -3  0   1  0  1  1  0  4/7     9:41   0:00   0:00 
Brett Festerling         0  0  0   0  0   0  0  1  0  0  0/0     9:33   0:00   0:00 
Casey Pierro-Zabotel     0  0  0  -3  0   0  0  0  0  0  0/0    10:14   0:00   0:23 
Colby Cohen              0  0  0   0  2   0  0  1  0  0  0/0     4:37   0:00   0:00 
Dany Roussin             0  1  1  -1  0   2  1  2  1  0  0/2    19:50   3:49   2:56 
Daultan Leveillé         0  0  0   1  0   0  1  0  0  0  0/1     5:39   0:00   0:00 
David Clarkson           0  0  0  -3  0   0  3  2  0  0  0/0    10:20   0:35   0:00 
David Fischer            0  1  1  -2  2   0  0  4  1  0  0/0    18:37   3:28   2:26 
Derek Forbort            0  0  0   0  0   0  0  0  0  0  0/0     0:00   0:00   0:00 
Dmitri Orlov             0  0  0   0  0   0  0  1  0  0  0/0     4:37   0:00   0:00 
Jannik Hansen            0  0  0   0  0   0  0  0  0  0  1/2     4:31   0:47   0:00 
Jesse Blacker            0  0  0   0  0   0  0  0  0  0  0/0     0:00   0:00   0:00 
Joey Ryan                0  0  0  -2  2   0  2  4  0  0  0/0    17:56   3:28   2:04 
Jordie Benn              0  0  0  -2  0   2  1  2  1  0  0/0    26:35   4:40   4:27 
Kelly Zajac              0  0  0   1  0   0  0  0  0  0  0/1     2:34   0:00   1:26 
Mat Clark                0  0  0   0  0   0  2  0  1  1  0/0     9:33   0:00   0:00 
Matt Generous            0  0  0  -2  0   1  2  1  1  1  0/0    26:35   4:40   4:27 
Pierre-Alexandre Parente 1  0  1  -2  0   3  0  1  0  0  0/0    18:22   3:49   1:52 
Robin Leblanc            1  0  1   1  0   3  1  0  0  0  0/0     5:39   0:00   0:00 
Ryan O'Reilly            0  0  0  -1  0   2  3  0  0  0  11/27  17:40   3:42   0:24 
Scott Parse              0  1  1   0  2   2  3  0  1  1  3/11   25:12   3:33   4:29 
Taylor Doherty           0  0  0   0  0   0  0  0  0  0  0/0     1:59   0:00   1:36 
Tom Pyatt                1  0  1  -2  0   2  0  0  1  0  5/9    16:29   3:49   0:00 

Players Stats for Staline

Player Name              G  A  P  +/- PIM S  H  SB GA TA FO     MP     PP MP  PK MP  
------------------------------------------------------------------------------------
Aaron Ness               0  0  0   0  0   0  1  1  0  0  0/0    10:05   0:00   1:53 
Andrei Loktionov         0  1  1   0  2   6  0  0  1  2  26/40  25:15   4:23   3:33 
Brendan Shinnimin        0  0  0   0  0   0  0  0  0  0  0/0     0:00   0:00   0:00 
Brian Gionta             1  0  1   0  0   5  2  0  1  1  1/3    21:02   4:20   1:59 
Bryan Bickell            0  0  0   0  2   0  1  0  0  0  1/1    20:38   4:18   1:04 
Cody Eakin               0  0  0   0  0   0  1  0  0  0  0/1     6:01   0:03   0:51 
Corey Trivino            0  0  0   0  0   0  0  0  0  0  0/1     1:55   0:05   0:00 
Danny Kristo             0  0  0   0  0   1  1  0  1  0  0/0     4:10   0:00   0:00 
David Desharnais         3  1  4   4  2   6  1  0  0  0  1/3    11:21   0:00   0:00 
David Kolomatis          0  0  0   0  0   1  0  0  0  1  0/0     8:41   0:29   0:00 
Greg Pateryn             0  0  0   0  2   0  0  0  0  0  0/0     5:50   0:00   0:12 
James Sheppard           1  0  1   0  0   2  6  0  0  1  0/0    14:56   3:07   0:00 
Jiri Sekac               1  0  1   4  0   2  1  0  0  0  0/0    11:37   0:00   0:31 
Jiri Tlusty              0  1  1   0  0   1  1  0  0  1  0/0    17:18   3:07   1:59 
Jordan Caron             0  1  1   4  0   1  1  0  0  0  0/1    11:06   0:00   0:00 
Mark Fraser              0  1  1   3  2   0  0  1  0  1  0/0    19:34   3:03   2:33 
Mark Stone               0  0  0   0  0   0  0  0  0  0  1/1     0:54   0:00   0:00 
Peter Holland            0  0  0   0  0   0  0  0  0  0  1/2     2:41   0:00   2:03 
Philip Larsen            0  1  1   3  0   0  1  1  0  0  0/0    21:32   2:34   3:29 
Stu Bickel               0  1  1   1  2   2  3  0  0  1  0/0    28:37   4:27   3:30 
Torey Krug               0  0  0   1  0   2  2  1  0  1  0/0    26:24   4:27   4:39 
Yan Stastny              0  1  1   0  0   3  4  0  0  0  5/9    20:14   3:07   4:16 

3 Stars

1 - David Desharnais (StJ)
2 - Jiri Sekac (StJ)
3 - James Sheppard (StJ)

Power Play

Thunder - 1 on 6 Attempt(s) - 16,67%
Staline - 0 on 5 Attempt(s) - 0,00%

Penalty Kill

Thunder - 5 on 5 Attempt(s) - 100,00% - Score 1 goal in Penalty Kill
Staline - 5 on 6 Attempt(s) - 83,33% - Score 0 goal in Penalty Kill

Team Stat

Thunder - Hits : 21 - Faceoff Wins : 26 - Blocked Shots : 21 - Penalty Minutes : 10
Staline - Hits : 26 - Faceoff Wins : 36 - Blocked Shots : 4 - Penalty Minutes : 12

Official

Referees : Hasenfratz Mike and O'Halloran Dan
Linesman : Thor Nelson and Pierre Champoux

Game Notes

3:37 of 2nd period - Staline goal is going for a video replay. After video review, Goal.
Devan Dubnyk enters game at 4:22 of 2nd period
David Desharnais has scored a Hat Trick!

Finance

Level 1 -- Attendance: 1841 (92,05%) -- Ticket Income 64 435 $
Level 2 -- Attendance: 871 (87,10%) -- Ticket Income 13 065 $
Total Attendance: 2712 (90,40%)
Total Ticket Income: 77 500 $
Other Income: 3 875 $
Total Income: 81 375 $

Thunder

5 vs 5 Forward 
   Center                   Left Wing                Right Wing               Time % Phy DF OF 
 1 Ryan O'Reilly            Scott Parse              Adam Hall                40     1   2  2  
 2 Tom Pyatt                Dany Roussin             Pierre-Alexandre Parentea30     1   2  2  
 3 Brandon Mashinter        Casey Pierro-Zabotel     David Clarkson           20     1   2  2  
 4 Daultan Leveillé         Scott Parse              Robin Leblanc            10     1   2  2  

5 vs 5 Defense 
   Defense                  Defense                                           Time % Phy DF OF 
 1 Matt Generous            Jordie Benn                                       40     1   2  2  
 2 David Fischer            Joey Ryan                                         30     1   2  2  
 3 Brett Festerling         Mat Clark                                         20     1   2  2  
 4 Colby Cohen              Dmitri Orlov                                      10     1   2  2  

PowerPlay Forward 
   Center                   Left Wing                Right Wing               Time % Phy DF OF 
 1 Ryan O'Reilly            Scott Parse              Adam Hall                60     1   2  2  
 2 Tom Pyatt                Dany Roussin             Pierre-Alexandre Parentea40     1   2  2  

PowerPlay Defense
   Defense                  Defense                                           Time % Phy DF OF 
 1 Matt Generous            Jordie Benn                                       60     1   2  2  
 2 David Fischer            Joey Ryan                                         40     1   2  2  

Penalty Kill 4 Players Forward 
   Center                   Wing                     Time % Phy DF OF 
 1 Scott Parse              Adam Hall                60     1   2  2  
 2 Pierre-Alexandre ParenteaDany Roussin             40     1   2  2  

Penalty Kill 4 Players Defense
   Defense                  Defense                  Time % Phy DF OF 
 1 Matt Generous            Jordie Benn              60     1   2  2  
 2 David Fischer            Joey Ryan                40     1   2  2  

Penalty Kill - 3 Players Forward 
   Forward                                           Time % Phy DF OF 
 1 Scott Parse                                       60     1   2  2  
 2 Adam Hall                                         40     1   2  2  

Penalty Kill - 3 Players Defense
   Defense                  Defense                  Time % Phy DF OF 
 1 Matt Generous            Jordie Benn              60     1   2  2  
 2 David Fischer            Joey Ryan                40     1   2  2  

4 vs 4 Forward 
   Center                   Wing                     Time % Phy DF OF 
 1 Scott Parse              Adam Hall                60     1   2  2  
 2 Pierre-Alexandre ParenteaDany Roussin             40     1   2  2  

4 vs 4 Defense
   Defense                  Defense                  Time % Phy DF OF 
 1 Matt Generous            Jordie Benn              60     1   2  2  
 2 David Fischer            Joey Ryan                40     1   2  2  

Last Minutes Offensive
   Center                   Left Wing                Right Wing               Defense                  Defense                  
   Ryan O'Reilly            Scott Parse              Adam Hall                Matt Generous            Jordie Benn              

Last Minutes Defensive
   Center                   Left Wing                Right Wing               Defense                  Defense                  
   Ryan O'Reilly            Scott Parse              Adam Hall                Matt Generous            Jordie Benn              

Goaltenders
Starting : Barry Brust              
Backup : Devan Dubnyk             

Extra Forwards
Normal : Jannik Hansen, Bobby Farnham, Kelly Zajac - PP : Jannik Hansen, Bobby Farnham - PK : Kelly Zajac
Extra Defensemen
Normal : Jesse Blacker, Taylor Doherty, Derek Forbort - PP : Jesse Blacker - PK : Taylor Doherty, Derek Forbort
Penalty Shots
Scott Parse, Adam Hall, Pierre-Alexandre Parenteau, Dany Roussin, David Clarkson

Staline

5 vs 5 Forward 
   Center                   Left Wing                Right Wing               Time % Phy DF OF 
 1 Andrei Loktionov         Bryan Bickell            Brian Gionta             40     1   2  2  
 2 Yan Stastny              James Sheppard           Jiri Tlusty              30     1   2  2  
 3 David Desharnais         Jiri Sekac               Jordan Caron             20     1   2  2  
 4 Cody Eakin               Andrei Loktionov         Danny Kristo             10     1   2  2  

5 vs 5 Defense 
   Defense                  Defense                                           Time % Phy DF OF 
 1 Stu Bickel               Torey Krug                                        40     1   2  2  
 2 Mark Fraser              Philip Larsen                                     30     1   2  2  
 3 David Kolomatis          Aaron Ness                                        20     1   2  2  
 4 Greg Pateryn             Stu Bickel                                        10     1   2  2  

PowerPlay Forward 
   Center                   Left Wing                Right Wing               Time % Phy DF OF 
 1 Andrei Loktionov         Bryan Bickell            Brian Gionta             60     1   2  2  
 2 Yan Stastny              James Sheppard           Jiri Tlusty              40     1   2  2  

PowerPlay Defense
   Defense                  Defense                                           Time % Phy DF OF 
 1 Stu Bickel               Torey Krug                                        60     1   2  2  
 2 Mark Fraser              Philip Larsen                                     40     1   2  2  

Penalty Kill 4 Players Forward 
   Center                   Wing                     Time % Phy DF OF 
 1 Andrei Loktionov         Yan Stastny              60     1   2  2  
 2 Brian Gionta             Jiri Tlusty              40     1   2  2  

Penalty Kill 4 Players Defense
   Defense                  Defense                  Time % Phy DF OF 
 1 Stu Bickel               Torey Krug               60     1   2  2  
 2 Mark Fraser              Philip Larsen            40     1   2  2  

Penalty Kill - 3 Players Forward 
   Forward                                           Time % Phy DF OF 
 1 Andrei Loktionov                                  60     1   2  2  
 2 Yan Stastny                                       40     1   2  2  

Penalty Kill - 3 Players Defense
   Defense                  Defense                  Time % Phy DF OF 
 1 Stu Bickel               Torey Krug               60     1   2  2  
 2 Mark Fraser              Philip Larsen            40     1   2  2  

4 vs 4 Forward 
   Center                   Wing                     Time % Phy DF OF 
 1 Andrei Loktionov         Yan Stastny              60     1   2  2  
 2 Brian Gionta             Jiri Tlusty              40     1   2  2  

4 vs 4 Defense
   Defense                  Defense                  Time % Phy DF OF 
 1 Stu Bickel               Torey Krug               60     1   2  2  
 2 Mark Fraser              Philip Larsen            40     1   2  2  

Last Minutes Offensive
   Center                   Left Wing                Right Wing               Defense                  Defense                  
   Andrei Loktionov         Bryan Bickell            Brian Gionta             Stu Bickel               Torey Krug               

Last Minutes Defensive
   Center                   Left Wing                Right Wing               Defense                  Defense                  
   Andrei Loktionov         Bryan Bickell            Brian Gionta             Stu Bickel               Torey Krug               

Goaltenders
Starting : Tobias Stephan           
Backup : Allen York               

Extra Forwards
Normal : Corey Trivino, Mark Stone, Peter Holland - PP : Corey Trivino, Mark Stone - PK : Peter Holland
Extra Defensemen
Normal : David Kolomatis, Aaron Ness, Greg Pateryn - PP : David Kolomatis - PK : Aaron Ness, Greg Pateryn
Penalty Shots
Andrei Loktionov, Yan Stastny, Brian Gionta, Jiri Tlusty, David Desharnais

% Time on Ice - Thunder

Lines # - Real PCT - Wanted PCT - Time Play
Normal Forward
1 - 34% - 40% - 14:26
2 - 30% - 30% - 12:41
3 - 23% - 20% - 9:41
4 - 13% - 10% - 5:39
Normal Defense
1 - 38% - 40% - 16:16
2 - 28% - 30% - 12:01
3 - 22% - 20% - 9:33
4 - 11% - 10% - 4:37
PP Forward
1 - 53% - 60% - 4:19
2 - 47% - 40% - 3:49
PP Defense
1 - 57% - 60% - 4:40
2 - 43% - 40% - 3:28
PK Forward
1 - 75% - 60% - 5:38
2 - 25% - 40% - 1:52
PK Defense
1 - 59% - 60% - 4:27
2 - 41% - 40% - 3:03
PK3 Forward
1 - 0% - 60%
2 - 0% - 40%
PK3 Defense
1 - 0% - 60%
2 - 0% - 40%
44 Forward
1 - 100% - 60% - 1:55
2 - 0% - 40% - 0:00
44 Defense
1 - 63% - 60% - 1:12
2 - 37% - 40% - 0:43
Last Minute Offensive  - 0:00
Last Minute Defensive  - 0:00
Total
Forward - 60:00
Defense - 60:00

% Time on Ice - Staline

Lines # - Real PCT - Wanted PCT - Time Play
Normal Forward
1 - 35% - 40% - 14:59
2 - 29% - 30% - 12:12
3 - 26% - 20% - 11:06
4 - 10% - 10% - 4:10
Normal Defense
1 - 38% - 40% - 16:13
2 - 35% - 30% - 14:39
3 - 19% - 20% - 8:12
4 - 8% - 10% - 3:23
PP Forward
1 - 58% - 60% - 4:23
2 - 42% - 40% - 3:07
PP Defense
1 - 59% - 60% - 4:27
2 - 41% - 40% - 3:03
PK Forward
1 - 76% - 60% - 6:09
2 - 24% - 40% - 1:59
PK Defense
1 - 57% - 60% - 4:39
2 - 43% - 40% - 3:29
PK3 Forward
1 - 0% - 60%
2 - 0% - 40%
PK3 Defense
1 - 0% - 60%
2 - 0% - 40%
44 Forward
1 - 100% - 60% - 1:55
2 - 0% - 40% - 0:00
44 Defense
1 - 57% - 60% - 1:05
2 - 43% - 40% - 0:50
Last Minute Offensive  - 0:00
Last Minute Defensive  - 0:00
Total
Forward - 60:00
Defense - 60:00

Play by Play

1st period


0:01 of 1st period - Brian Gionta wins face-off versus Ryan O'Reilly in neutral zone.
0:52 of 1st period - Mark Fraser is hit by Matt Generous and loses puck.
1:26 of 1st period - Jiri Tlusty is hit by Ryan O'Reilly.
1:51 of 1st period - Dmitri Orlov is hit by Aaron Ness and loses puck.
2:10 of 1st period - Andrei Loktionov is hit by Mat Clark.
2:36 of 1st period - Robin Leblanc is hit by James Sheppard and loses puck.
3:01 of 1st period - Minor Penalty to Colby Cohen for Tripping.
3:02 of 1st period - Scott Parse wins face-off versus Andrei Loktionov in Thunder zone.
3:12 of 1st period - Backhand shot by Brian Gionta.
3:12 of 1st period - Stopped by Barry Brust without a rebound.
3:13 of 1st period - Andrei Loktionov wins face-off versus Scott Parse in Thunder zone.
4:03 of 1st period - Andrei Loktionov is hit by Joey Ryan and loses puck.
4:22 of 1st period - Snap shot by Pierre-Alexandre Parenteau.
4:22 of 1st period - Goal by Pierre-Alexandre Parenteau - Thunder : 1 - Staline : 0.
4:23 of 1st period - Andrei Loktionov wins face-off versus Scott Parse in neutral zone.
4:48 of 1st period - Jiri Tlusty is hit by Matt Generous and loses puck.
5:01 of 1st period - Penalty to Colby Cohen is over, Colby Cohen is back on ice.
5:07 of 1st period - Wrist shot by David Desharnais.
5:07 of 1st period - Goal by David Desharnais - Thunder : 1 - Staline : 1.
5:08 of 1st period - Andrei Loktionov wins face-off versus Ryan O'Reilly in neutral zone.
5:13 of 1st period - Snap shot by Brian Gionta.
5:13 of 1st period - Goal by Brian Gionta - Thunder : 1 - Staline : 2.
5:14 of 1st period - Andrei Loktionov wins face-off versus Ryan O'Reilly in neutral zone.
5:19 of 1st period - Wrist shot by Andrei Loktionov.
5:19 of 1st period - Stopped by Barry Brust without a rebound.
5:20 of 1st period - Bryan Bickell wins face-off versus Ryan O'Reilly in Thunder zone.
5:24 of 1st period - Minor Penalty to Adam Hall for Elbowing.
5:25 of 1st period - Andrei Loktionov wins face-off versus Scott Parse in Thunder zone.
5:50 of 1st period - Jordie Benn is hit by Yan Stastny and loses puck.
7:24 of 1st period - Penalty to Adam Hall is over, Adam Hall is back on ice.
7:41 of 1st period - Wrist shot by Brandon Mashinter.
7:41 of 1st period - Stopped by Tobias Stephan with a rebound.
8:00 of 1st period - Aaron Ness is hit by Mat Clark and loses puck.
8:44 of 1st period - Wrist shot by Andrei Loktionov.
8:44 of 1st period - Stopped by Barry Brust with a rebound.
8:46 of 1st period - Wrist shot by Torey Krug.
8:46 of 1st period - Shot Blocked by Brett Festerling.
8:48 of 1st period - Slapshot by Torey Krug.
8:48 of 1st period - Shot Misses the Net.
10:06 of 1st period - Snap shot by Brian Gionta.
10:06 of 1st period - Stopped by Barry Brust with a rebound.
11:08 of 1st period - Bryan Bickell is hit by Robin Leblanc and loses puck.
11:21 of 1st period - Backhand shot by Dany Roussin.
11:21 of 1st period - Shot Misses the Net.
11:40 of 1st period - Minor Penalty to Greg Pateryn for High sticking.
11:41 of 1st period - Adam Hall wins face-off versus Andrei Loktionov in Staline zone.
11:41 of 1st period - Snap shot by Ryan O'Reilly.
11:41 of 1st period - Shot Misses the Net.
13:40 of 1st period - Penalty to Greg Pateryn is over, Greg Pateryn is back on ice.
13:41 of 1st period - Greg Pateryn is hit by Bobby Farnham and loses puck.
14:02 of 1st period - Slapshot by David Desharnais.
14:02 of 1st period - Deflect By Jordan Caron.
14:02 of 1st period - Shot Blocked by David Clarkson.
14:02 of 1st period - Puck is out of play.
14:03 of 1st period - Brandon Mashinter wins face-off versus Andrei Loktionov in Thunder zone.
14:03 of 1st period - Brandon Mashinter is hit by Brian Gionta.
14:08 of 1st period - Off-side.
14:09 of 1st period - Andrei Loktionov wins face-off versus Brandon Mashinter in neutral zone.
14:09 of 1st period - Andrei Loktionov is hit by David Clarkson.
14:21 of 1st period - Slapshot by Brian Gionta.
14:21 of 1st period - Shot Blocked by Colby Cohen.
14:23 of 1st period - Slapshot by Brian Gionta.
14:23 of 1st period - Shot Misses the Net.
14:39 of 1st period - Wrist shot by Jordan Caron.
14:39 of 1st period - Stopped by Barry Brust with a rebound.
14:41 of 1st period - Slapshot by Mark Fraser.
14:41 of 1st period - Shot Blocked by Dmitri Orlov.
14:43 of 1st period - Slapshot by Mark Fraser.
14:43 of 1st period - Shot Misses the Net.
14:45 of 1st period - Slapshot by Mark Fraser.
14:45 of 1st period - Shot Blocked by David Clarkson.
14:47 of 1st period - Slapshot by Mark Fraser.
14:47 of 1st period - Shot Blocked by Brandon Mashinter.
15:22 of 1st period - Wrist shot by Andrei Loktionov.
15:22 of 1st period - Deflect By Cody Eakin.
15:22 of 1st period - Shot Misses the Net.
15:22 of 1st period - Puck is out of play.
15:23 of 1st period - Tom Pyatt wins face-off versus Cody Eakin in Thunder zone.
15:48 of 1st period - Snap shot by Robin Leblanc.
15:48 of 1st period - Stopped by Tobias Stephan without a rebound.
15:49 of 1st period - Yan Stastny wins face-off versus Daultan Leveillé in Staline zone.
16:14 of 1st period - David Fischer is hit by Yan Stastny and loses puck.
16:25 of 1st period - Wrist shot by Daultan Leveillé.
16:25 of 1st period - Shot Misses the Net.
16:46 of 1st period - Snap shot by Robin Leblanc.
16:46 of 1st period - Goal by Robin Leblanc - Thunder : 2 - Staline : 2.
16:47 of 1st period - Andrei Loktionov wins face-off versus Tom Pyatt in neutral zone.
16:58 of 1st period - Slapshot by Andrei Loktionov.
16:58 of 1st period - Stopped by Barry Brust without a rebound.
16:59 of 1st period - Andrei Loktionov wins face-off versus Tom Pyatt in Thunder zone.
17:07 of 1st period - Off-side.
17:08 of 1st period - Andrei Loktionov wins face-off versus Tom Pyatt in neutral zone.
17:34 of 1st period - Slapshot by Torey Krug.
17:34 of 1st period - Stopped by Barry Brust with a rebound.
17:44 of 1st period - Snap shot by Andrei Loktionov.
17:44 of 1st period - Shot Misses the Net.
17:56 of 1st period - Snap shot by Pierre-Alexandre Parenteau.
17:56 of 1st period - Shot Misses the Net.
17:58 of 1st period - Slapshot by Pierre-Alexandre Parenteau.
17:58 of 1st period - Stopped by Tobias Stephan with a rebound.
18:00 of 1st period - Wrist shot by Dany Roussin.
18:00 of 1st period - Stopped by Tobias Stephan with a rebound.
18:02 of 1st period - Wrist shot by Dany Roussin.
18:02 of 1st period - Shot Misses the Net.
18:04 of 1st period - Snap shot by Dany Roussin.
18:04 of 1st period - Stopped by Tobias Stephan without a rebound.
18:05 of 1st period - Ryan O'Reilly wins face-off versus Yan Stastny in Staline zone.
18:16 of 1st period - Wrist shot by Jiri Tlusty.
18:16 of 1st period - Shot Blocked by David Fischer.
18:18 of 1st period - Snap shot by James Sheppard.
18:18 of 1st period - Stopped by Barry Brust without a rebound.
18:19 of 1st period - Ryan O'Reilly wins face-off versus Yan Stastny in Thunder zone.
18:21 of 1st period - Minor Penalty to Joey Ryan for Hooking.
18:22 of 1st period - Scott Parse wins face-off versus Brian Gionta in Thunder zone.
19:22 of 1st period - Pierre-Alexandre Parenteau is hit by James Sheppard and loses puck.
19:59 of 1st period - Kelly Zajac is hit by Yan Stastny and loses puck.
Goals for this period are 2 for Thunder vs 2 for Staline.
Shots for this period are 7 for Thunder vs 10 for Staline.

2nd period


0:01 of 2nd period - Andrei Loktionov wins face-off versus Scott Parse in neutral zone.
0:12 of 2nd period - Snap shot by Andrei Loktionov.
0:12 of 2nd period - Stopped by Barry Brust without a rebound.
0:13 of 2nd period - Andrei Loktionov wins face-off versus Scott Parse in Thunder zone.
0:21 of 2nd period - Penalty to Joey Ryan is over, Joey Ryan is back on ice.
0:22 of 2nd period - Backhand shot by Brian Gionta.
0:22 of 2nd period - Shot Blocked by Adam Hall.
0:24 of 2nd period - Slapshot by Stu Bickel.
0:24 of 2nd period - Stopped by Barry Brust without a rebound.
0:25 of 2nd period - Andrei Loktionov wins face-off versus Ryan O'Reilly in Thunder zone.
0:56 of 2nd period - Slapshot by Jiri Tlusty.
0:56 of 2nd period - Shot Blocked by Matt Generous.
0:58 of 2nd period - Slapshot by Mark Fraser.
0:58 of 2nd period - Shot Blocked by Jordie Benn.
1:38 of 2nd period - Wrist shot by David Clarkson.
1:38 of 2nd period - Deflect By Casey Pierro-Zabotel.
1:38 of 2nd period - Shot Misses the Net.
1:38 of 2nd period - Puck is out of play.
1:39 of 2nd period - Andrei Loktionov wins face-off versus Scott Parse in Staline zone.
2:31 of 2nd period - David Clarkson is hit by David Desharnais and loses puck.
2:48 of 2nd period - Slapshot by Adam Hall.
2:48 of 2nd period - Shot Misses the Net.
2:50 of 2nd period - Snap shot by Ryan O'Reilly.
2:50 of 2nd period - Stopped by Tobias Stephan with a rebound.
3:04 of 2nd period - Scott Parse is hit by James Sheppard and loses puck.
3:31 of 2nd period - Snap shot by David Desharnais.
3:31 of 2nd period - Shot Misses the Net.
3:33 of 2nd period - Wrist shot by David Desharnais.
3:33 of 2nd period - Stopped by Barry Brust without a rebound.
3:34 of 2nd period - Yan Stastny wins face-off versus Brandon Mashinter in Thunder zone.
3:37 of 2nd period - Wrist shot by Jiri Tlusty.
3:37 of 2nd period - Deflect By James Sheppard.
3:37 of 2nd period - Staline goal is going for a video replay.
3:37 of 2nd period - The goal is good.
3:37 of 2nd period - Goal by James Sheppard - Thunder : 2 - Staline : 3.
3:38 of 2nd period - Andrei Loktionov wins face-off versus Ryan O'Reilly in neutral zone.
3:41 of 2nd period - Slapshot by Torey Krug.
3:41 of 2nd period - Shot Blocked by Jordie Benn.
4:05 of 2nd period - Dany Roussin is hit by James Sheppard and loses puck.
4:22 of 2nd period - Wrist shot by David Desharnais.
4:22 of 2nd period - Goal by David Desharnais - Thunder : 2 - Staline : 4.
4:22 of 2nd period - Devan Dubnyk enters game.
4:23 of 2nd period - Ryan O'Reilly wins face-off versus Andrei Loktionov in neutral zone.
4:34 of 2nd period - Snap shot by Andrei Loktionov.
4:34 of 2nd period - Stopped by Devan Dubnyk with a rebound.
4:53 of 2nd period - Snap shot by Yan Stastny.
4:53 of 2nd period - Stopped by Devan Dubnyk with a rebound.
4:55 of 2nd period - Slapshot by Stu Bickel.
4:55 of 2nd period - Deflect By Yan Stastny.
4:55 of 2nd period - Shot Misses the Net.
4:55 of 2nd period - Puck is out of play.
4:56 of 2nd period - Ryan O'Reilly wins face-off versus Andrei Loktionov in Thunder zone.
4:58 of 2nd period - Icing by Matt Generous.
4:59 of 2nd period - Ryan O'Reilly wins face-off versus Andrei Loktionov in Thunder zone.
5:04 of 2nd period - Scott Parse is hit by Brian Gionta and loses puck.
5:36 of 2nd period - Off-side.
5:37 of 2nd period - Ryan O'Reilly wins face-off versus Andrei Loktionov in neutral zone.
5:44 of 2nd period - Wrist shot by Adam Hall.
5:44 of 2nd period - Shot Misses the Net.
5:50 of 2nd period - Wrist shot by Scott Parse.
5:50 of 2nd period - Shot Blocked by Torey Krug.
5:52 of 2nd period - Snap shot by Scott Parse.
5:52 of 2nd period - Stopped by Tobias Stephan without a rebound.
5:53 of 2nd period - Yan Stastny wins face-off versus Dany Roussin in Staline zone.
6:02 of 2nd period - Snap shot by Yan Stastny.
6:02 of 2nd period - Stopped by Devan Dubnyk with a rebound.
6:15 of 2nd period - Icing by Yan Stastny.
6:16 of 2nd period - Yan Stastny wins face-off versus Ryan O'Reilly in Staline zone.
6:16 of 2nd period - Yan Stastny is hit by Ryan O'Reilly.
6:22 of 2nd period - Joey Ryan is hit by Stu Bickel and loses puck.
6:27 of 2nd period - Wrist shot by Andrei Loktionov.
6:27 of 2nd period - Shot Misses the Net.
6:29 of 2nd period - Slapshot by Torey Krug.
6:29 of 2nd period - Deflect By Joey Ryan.
6:29 of 2nd period - Stopped by Devan Dubnyk without a rebound.
6:30 of 2nd period - Andrei Loktionov wins face-off versus Ryan O'Reilly in Thunder zone.
6:43 of 2nd period - Slapshot by Jordie Benn.
6:43 of 2nd period - Shot Blocked by Mark Fraser.
6:45 of 2nd period - Snap shot by Scott Parse.
6:45 of 2nd period - Stopped by Tobias Stephan with a rebound.
7:58 of 2nd period - Snap shot by Pierre-Alexandre Parenteau.
7:58 of 2nd period - Shot Misses the Net.
8:10 of 2nd period - Philip Larsen is hit by Scott Parse and loses puck.
8:36 of 2nd period - Icing by Brett Festerling.
8:37 of 2nd period - Brandon Mashinter wins face-off versus Yan Stastny in Thunder zone.
8:53 of 2nd period - Dany Roussin is hit by James Sheppard and loses puck.
9:12 of 2nd period - Slapshot by Bryan Bickell.
9:12 of 2nd period - Shot Misses the Net.
9:14 of 2nd period - Snap shot by David Kolomatis.
9:14 of 2nd period - Stopped by Devan Dubnyk with a rebound.
9:16 of 2nd period - Snap shot by Brian Gionta.
9:16 of 2nd period - Shot Misses the Net.
9:39 of 2nd period - Icing by Stu Bickel.
9:40 of 2nd period - David Desharnais wins face-off versus Ryan O'Reilly in Staline zone.
9:51 of 2nd period - Slapshot by David Desharnais.
9:51 of 2nd period - Shot Misses the Net.
9:53 of 2nd period - Slapshot by Stu Bickel.
9:53 of 2nd period - Shot Misses the Net.
9:55 of 2nd period - Wrist shot by David Desharnais.
9:55 of 2nd period - Shot Misses the Net.
9:57 of 2nd period - Wrist shot by David Desharnais.
9:57 of 2nd period - Shot Misses the Net.
9:59 of 2nd period - Snap shot by David Desharnais.
9:59 of 2nd period - Stopped by Devan Dubnyk with a rebound.
10:01 of 2nd period - Slapshot by Torey Krug.
10:01 of 2nd period - Deflect By David Desharnais.
10:01 of 2nd period - Shot Misses the Net.
10:01 of 2nd period - Puck is out of play.
10:02 of 2nd period - Andrei Loktionov wins face-off versus Dany Roussin in Thunder zone.
10:33 of 2nd period - Off-side.
10:34 of 2nd period - Ryan O'Reilly wins face-off versus Andrei Loktionov in neutral zone.
10:37 of 2nd period - Slapshot by Jordie Benn.
10:37 of 2nd period - Shot Misses the Net.
10:39 of 2nd period - Slapshot by Jordie Benn.
10:39 of 2nd period - Stopped by Tobias Stephan without a rebound.
10:40 of 2nd period - Andrei Loktionov wins face-off versus Ryan O'Reilly in Staline zone.
10:40 of 2nd period - Andrei Loktionov is hit by Adam Hall.
10:43 of 2nd period - Minor Penalty to Stu Bickel for Tripping.
10:44 of 2nd period - Andrei Loktionov wins face-off versus Ryan O'Reilly in Staline zone.
10:54 of 2nd period - Slapshot by Jordie Benn.
10:54 of 2nd period - Shot Misses the Net.
11:21 of 2nd period - Slapshot by Matt Generous.
11:21 of 2nd period - Stopped by Tobias Stephan without a rebound.
11:22 of 2nd period - Tom Pyatt wins face-off versus Brian Gionta in Staline zone.
11:35 of 2nd period - Snap shot by Tom Pyatt.
11:35 of 2nd period - Shot Misses the Net.
12:43 of 2nd period - Penalty to Stu Bickel is over, Stu Bickel is back on ice.
12:55 of 2nd period - Off-side.
12:56 of 2nd period - Brandon Mashinter wins face-off versus David Desharnais in neutral zone.
13:41 of 2nd period - Wrist shot by Jiri Tlusty.
13:41 of 2nd period - Shot Blocked by Pierre-Alexandre Parenteau.
13:43 of 2nd period - Slapshot by Stu Bickel.
13:43 of 2nd period - Stopped by Devan Dubnyk with a rebound.
13:45 of 2nd period - Snap shot by Jiri Tlusty.
13:45 of 2nd period - Stopped by Devan Dubnyk with a rebound.
13:56 of 2nd period - Icing by Jiri Sekac.
13:57 of 2nd period - Ryan O'Reilly wins face-off versus Jordan Caron in Staline zone.
14:22 of 2nd period - Snap shot by Pierre-Alexandre Parenteau.
14:22 of 2nd period - Stopped by Tobias Stephan with a rebound.
14:34 of 2nd period - Wrist shot by David Desharnais.
14:34 of 2nd period - Shot Misses the Net.
14:36 of 2nd period - Snap shot by Torey Krug.
14:36 of 2nd period - Shot Misses the Net.
14:38 of 2nd period - Slapshot by Stu Bickel.
14:38 of 2nd period - Shot Blocked by Joey Ryan.
14:40 of 2nd period - Snap shot by Jordan Caron.
14:40 of 2nd period - Shot Blocked by Joey Ryan.
14:44 of 2nd period - Slapshot by David Desharnais.
14:44 of 2nd period - Shot Blocked by David Fischer.
14:46 of 2nd period - Wrist shot by Jordan Caron.
14:46 of 2nd period - Shot Misses the Net.
14:48 of 2nd period - Wrist shot by David Desharnais.
14:48 of 2nd period - Stopped by Devan Dubnyk with a rebound.
15:20 of 2nd period - Snap shot by Jiri Sekac.
15:20 of 2nd period - Stopped by Devan Dubnyk with a rebound.
15:22 of 2nd period - Snap shot by Stu Bickel.
15:22 of 2nd period - Shot Blocked by David Fischer.
15:24 of 2nd period - Slapshot by Jiri Sekac.
15:24 of 2nd period - Goal by Jiri Sekac - Thunder : 2 - Staline : 5.
15:25 of 2nd period - Ryan O'Reilly wins face-off versus Andrei Loktionov in neutral zone.
15:28 of 2nd period - Snap shot by Jordie Benn.
15:28 of 2nd period - Stopped by Tobias Stephan without a rebound.
15:29 of 2nd period - Andrei Loktionov wins face-off versus Ryan O'Reilly in Staline zone.
15:29 of 2nd period - Andrei Loktionov is hit by Ryan O'Reilly.
15:32 of 2nd period - Icing by Mark Fraser.
15:33 of 2nd period - Andrei Loktionov wins face-off versus Ryan O'Reilly in Staline zone.
15:33 of 2nd period - Andrei Loktionov is hit by Scott Parse.
16:07 of 2nd period - Scott Parse is hit by Bryan Bickell and loses puck.
16:23 of 2nd period - Minor Penalty to Bryan Bickell for Hooking.
16:24 of 2nd period - Tom Pyatt wins face-off versus Andrei Loktionov in Staline zone.
16:27 of 2nd period - Wrist shot by Tom Pyatt.
16:27 of 2nd period - Stopped by Tobias Stephan with a rebound.
16:31 of 2nd period - Slapshot by Tom Pyatt.
16:31 of 2nd period - Goal by Tom Pyatt - Thunder : 3 - Staline : 5.
16:32 of 2nd period - Adam Hall wins face-off versus Andrei Loktionov in neutral zone.
16:35 of 2nd period - Stu Bickel is hit by Scott Parse and loses puck.
16:58 of 2nd period - Tom Pyatt is hit by Torey Krug.
17:22 of 2nd period - Joey Ryan is hit by Jiri Tlusty and loses puck.
18:57 of 2nd period - Pierre-Alexandre Parenteau is hit by Danny Kristo and loses puck.
19:05 of 2nd period - Icing by Tom Pyatt.
19:06 of 2nd period - Ryan O'Reilly wins face-off versus Andrei Loktionov in Thunder zone.
19:27 of 2nd period - Tom Pyatt is hit by Jiri Sekac.
19:31 of 2nd period - Snap shot by David Desharnais.
19:31 of 2nd period - Goal by David Desharnais - Thunder : 3 - Staline : 6.
19:32 of 2nd period - Andrei Loktionov wins face-off versus Ryan O'Reilly in neutral zone.
19:39 of 2nd period - Wrist shot by Brian Gionta.
19:39 of 2nd period - Shot Blocked by David Fischer.
19:41 of 2nd period - Snap shot by Andrei Loktionov.
19:41 of 2nd period - Shot Blocked by Joey Ryan.
19:43 of 2nd period - Wrist shot by Brian Gionta.
19:43 of 2nd period - Shot Misses the Net.
19:57 of 2nd period - James Sheppard is hit by Dany Roussin and loses puck.
Goals for this period are 1 for Thunder vs 4 for Staline.
Shots for this period are 9 for Thunder vs 17 for Staline.

3rd period


0:01 of 3rd period - Ryan O'Reilly wins face-off versus Andrei Loktionov in neutral zone.
0:06 of 3rd period - Snap shot by Ryan O'Reilly.
0:06 of 3rd period - Shot Misses the Net.
0:08 of 3rd period - Snap shot by Jordie Benn.
0:08 of 3rd period - Deflect By Adam Hall.
0:08 of 3rd period - Stopped by Tobias Stephan without a rebound.
0:09 of 3rd period - Andrei Loktionov wins face-off versus Ryan O'Reilly in Staline zone.
0:49 of 3rd period - Wrist shot by Scott Parse.
0:49 of 3rd period - Shot Misses the Net.
0:51 of 3rd period - Snap shot by Ryan O'Reilly.
0:51 of 3rd period - Stopped by Tobias Stephan with a rebound.
1:15 of 3rd period - Wrist shot by Brian Gionta.
1:15 of 3rd period - Stopped by Devan Dubnyk with a rebound.
1:21 of 3rd period - Slapshot by Bryan Bickell.
1:21 of 3rd period - Shot Misses the Net.
1:23 of 3rd period - Wrist shot by Brian Gionta.
1:23 of 3rd period - Shot Hit the Post.
1:31 of 3rd period - Brian Gionta is hit by Jordie Benn and loses puck.
2:04 of 3rd period - Wrist shot by Adam Hall.
2:04 of 3rd period - Stopped by Tobias Stephan without a rebound.
2:05 of 3rd period - Tom Pyatt wins face-off versus Yan Stastny in Staline zone.
2:30 of 3rd period - Icing by James Sheppard.
2:31 of 3rd period - Brandon Mashinter wins face-off versus David Desharnais in Staline zone.
2:32 of 3rd period - Snap shot by David Clarkson.
2:32 of 3rd period - Shot Blocked by Aaron Ness.
2:45 of 3rd period - Minor Penalty to David Desharnais for Roughing.
2:46 of 3rd period - Peter Holland wins face-off versus Tom Pyatt in Staline zone.
3:57 of 3rd period - Jiri Sekac is hit by David Clarkson.
4:01 of 3rd period - Jiri Sekac is hit by David Clarkson and loses puck.
4:06 of 3rd period - Wrist shot by David Clarkson.
4:06 of 3rd period - Shot Misses the Net.
4:45 of 3rd period - Penalty to David Desharnais is over, David Desharnais is back on ice.
6:15 of 3rd period - Ryan O'Reilly is hit by Cody Eakin and loses puck.
6:43 of 3rd period - Snap shot by Robin Leblanc.
6:43 of 3rd period - Stopped by Tobias Stephan with a rebound.
7:47 of 3rd period - Mark Fraser is hit by Daultan Leveillé and loses puck.
8:23 of 3rd period - Minor Penalty to Andrei Loktionov for Hooking.
8:24 of 3rd period - Scott Parse wins face-off versus Peter Holland in Staline zone.
8:27 of 3rd period - Minor Penalty to Scott Parse for Holding.
8:28 of 3rd period - Jannik Hansen wins face-off versus Corey Trivino in Thunder zone.
9:20 of 3rd period - Off-side.
9:21 of 3rd period - Mark Stone wins face-off versus Jannik Hansen in neutral zone.
9:24 of 3rd period - Joey Ryan is hit by Stu Bickel and loses puck.
9:45 of 3rd period - Joey Ryan is hit by Yan Stastny and loses puck.
10:21 of 3rd period - Slapshot by Bryan Bickell.
10:21 of 3rd period - Shot Blocked by Dany Roussin.
10:23 of 3rd period - Penalty to Andrei Loktionov is over, Andrei Loktionov is back on ice.
10:23 of 3rd period - Slapshot by Philip Larsen.
10:23 of 3rd period - Shot Blocked by Dany Roussin.
10:25 of 3rd period - Slapshot by Andrei Loktionov.
10:25 of 3rd period - Stopped by Devan Dubnyk without a rebound.
10:26 of 3rd period - Andrei Loktionov wins face-off versus Kelly Zajac in Thunder zone.
10:27 of 3rd period - Penalty to Scott Parse is over, Scott Parse is back on ice.
10:55 of 3rd period - Mat Clark is hit by Jordan Caron and loses puck.
11:12 of 3rd period - Wrist shot by Yan Stastny.
11:12 of 3rd period - Deflect By Jiri Tlusty.
11:12 of 3rd period - Shot Misses the Net.
11:12 of 3rd period - Puck is out of play.
11:13 of 3rd period - Yan Stastny wins face-off versus Brandon Mashinter in Thunder zone.
11:14 of 3rd period - Snap shot by Jiri Tlusty.
11:14 of 3rd period - Deflect By Yan Stastny.
11:14 of 3rd period - Stopped by Devan Dubnyk with a rebound.
11:23 of 3rd period - Matt Generous is hit by Philip Larsen and loses puck.
11:38 of 3rd period - Slapshot by Brian Gionta.
11:38 of 3rd period - Stopped by Devan Dubnyk without a rebound.
11:39 of 3rd period - Tom Pyatt wins face-off versus Andrei Loktionov in Thunder zone.
12:04 of 3rd period - Scott Parse is hit by James Sheppard and loses puck.
12:45 of 3rd period - Minor Penalty to Mark Fraser for Tripping.
12:46 of 3rd period - Andrei Loktionov wins face-off versus Ryan O'Reilly in Staline zone.
13:22 of 3rd period - Snap shot by Pierre-Alexandre Parenteau.
13:22 of 3rd period - Shot Misses the Net.
13:24 of 3rd period - Snap shot by Pierre-Alexandre Parenteau.
13:24 of 3rd period - Shot Blocked by Philip Larsen.
14:45 of 3rd period - Penalty to Mark Fraser is over, Mark Fraser is back on ice.
15:07 of 3rd period - Backhand shot by Casey Pierro-Zabotel.
15:07 of 3rd period - Shot Misses the Net.
16:23 of 3rd period - Snap shot by Andrei Loktionov.
16:23 of 3rd period - Shot Blocked by Joey Ryan.
16:29 of 3rd period - Yan Stastny is hit by Joey Ryan and loses puck.
16:44 of 3rd period - Slapshot by Danny Kristo.
16:44 of 3rd period - Stopped by Devan Dubnyk with a rebound.
17:16 of 3rd period - Jannik Hansen is hit by Stu Bickel and loses puck.
18:30 of 3rd period - Minor Penalty to David Fischer for Hooking.
18:31 of 3rd period - Andrei Loktionov wins face-off versus Scott Parse in Thunder zone.
19:02 of 3rd period - Scott Parse is hit by Torey Krug and loses puck.
19:40 of 3rd period - Icing by Brian Gionta.
19:41 of 3rd period - Andrei Loktionov wins face-off versus Scott Parse in Staline zone.
Goals for this period are 0 for Thunder vs 0 for Staline.
Shots for this period are 4 for Thunder vs 5 for Staline.